 Dungeon Crawl Stone Soup version 0.29-a0-409-gd843f3a48c (webtiles) character file.

Game seed: 4377064073199771837

212 Impy the Bolt Thrower (level 5, -6/42 HPs)
             Began as a Demonspawn Hunter on May 13, 2022.
             Mangled by Grinder (9 damage)
             ... on level 4 of the Dungeon.
             The game lasted 00:05:50 (2742 turns).

Impy the Bolt Thrower (Demonspawn Hunter)           Turns: 2742, Time: 00:05:51

Health: -6/42      AC:  7    Str: 12    XL:     5   Next: 58%
Magic:  5/5        EV: 13    Int: 10    God:
Gold:   160        SH:  0    Dex: 18    Spells: 4/4 levels left

rFire   . . .      SeeInvis .   a - +1 hand crossbow
rCold   . . .      Faith    .   (no shield)
rNeg    . . .      Spirit   .   b - +1 leather armour
rPois   .          Reflect  .   g - +2 hat
rElec   .          Harm     .   (no cloak)
rCorr   .          Rampage  .   (no gloves)
Will    .....                   e - +0 pair of boots
Stlth   ++........              (no amulet)
HPRegen 0.14/turn               (no ring)
MPRegen 0.09/turn               (no ring)

@: no status effects
A: weakness stinger 1, demonic touch 2
a: no special abilities


You were on level 4 of the Dungeon.
You visited 1 branch of the dungeon, and saw 4 of its levels.

You collected 160 gold pieces.

Inventory:

Hand Weapons
 a - a +1 hand crossbow (weapon)
Armour
 b - a +1 leather armour (worn)
 d - a +0 buckler
 e - a +0 pair of boots (worn)
 g - a +2 hat (worn)
Scrolls
 c - a scroll of immolation
 f - 3 scrolls of identify
 j - a scroll of teleportation
Potions
 h - a potion of curing


   Skills:
 + Level 3.7 Fighting
 + Level 4.6 Crossbows
 + Level 3.3 Dodging
 - Level 0.8 Stealth


You had 4 spell levels left.
You didn't know any spells.
Your spell library contained the following spells:

 Spells                   Type           Power      Damage    Failure   Level
 Ignite Poison            Fire/Tmut/Pois 0%         N/A       82%         3
 Mephitic Cloud           Conj/Pois/Air  0%         N/A       82%         3
 Freezing Cloud           Conj/Ice/Air   0%         6-21      100%        5


Dungeon Overview and Level Annotations

Branches:
Dungeon (4/15)
 Temple: D:4-7

Altars:
Elyvilon
Hepliaklqana
Beogh

Annotations:
D:4 Grinder


Innate Abilities, Weirdness & Mutations

You have a small tail.
Your touch may inflict irresistible damage on your foes.


Message History

Grinder barely misses you.
Unknown command.
Shoot: a) +1 hand crossbow
Press: ? - help, Q - select action Shift-Dir - straight line, f/p - Grinder
Aim: Grinder (severely wounded, can't see you, 63% to hit)
You shoot a bolt. The bolt closely misses Grinder.
Grinder closely misses you. Grinder hits you.
You writhe in agony.
Shoot: a) +1 hand crossbow
Press: ? - help, Q - select action Shift-Dir - straight line, f/p - Grinder
Aim: Grinder (severely wounded, can't see you, 63% to hit)
You shoot a bolt. The bolt hits Grinder.
Grinder is almost dead.
Grinder misses you.
Shoot: a) +1 hand crossbow
Press: ? - help, Q - select action Shift-Dir - straight line, f/p - Grinder
Aim: Grinder (severely wounded, can't see you, 63% to hit)
You shoot a bolt.
The bolt hits Grinder but does no damage.
Grinder is severely wounded.
Grinder gestures at you.
You suddenly lose the ability to move!
Grinder gestures at you.
You shrug off the repeated paralysis!
You can move again.
Shoot: a) +1 hand crossbow
Press: ? - help, Q - select action Shift-Dir - straight line, f/p - Grinder
Aim: Grinder (severely wounded, can't see you, 63% to hit)
You shoot a bolt. The bolt closely misses Grinder.
You flicker back into view.
Grinder gestures at you. Pain shoots through your body!
* * * LOW HITPOINT WARNING * * *
Shoot: a) +1 hand crossbow
Press: ? - help, Q - select action Shift-Dir - straight line, f/p - Grinder
Aim: Grinder (severely wounded, 63% to hit)
You shoot a bolt. The bolt hits Grinder.
Grinder is almost dead.
Grinder gestures at you.
You barely resist. Grinder hits you!
You die...

#. ## #. ..... #..
.##.# #.. .##.#
.###.###.##.# .#
.........##.# .#
......5@# #.# ###.#
....###.###>#####...###
. #...............#
#######.###.......#
#.......###.......#
#.#####...........#
###.#.......#
##.#.......#
#..........#


You could see Grinder.

Vanquished Creatures
  2 hounds (D:3)
  Robin (D:2)
  5 gnolls
  2 adders
  A worm (D:3)
  3 dart slugs
  6 orcs (D:3)
  8 ball pythons
  4 endoplasms
  2 giant cockroaches
  11 goblins
  4 hobgoblins (D:2)
  2 jackals (D:1)
  3 quokkas
  4 bats
  2 frilled lizards
  A kobold (D:1)
  4 rats
65 creatures vanquished.

Notes
Turn   | Place    | Note
-------+----------+-------------------------------------------
     0 | D:1      | Impy the Demonspawn Hunter began the quest for the Orb.
     0 | D:1      | Reached XP level 1. HP: 16/16 MP: 1/1
   156 | D:1      | Discovered your monstrous ancestry.
   156 | D:1      | Gained mutation: Your touch may inflict minor irresistible
                  | damage on your foes. [demonic ancestry]
   156 | D:1      | Reached XP level 2. HP: 22/22 MP: 2/2
   758 | D:2      | Reached XP level 3. HP: 23/28 MP: 3/3
   839 | D:2      | Reached skill level 4 in Crossbows
  1136 | D:2      | Noticed Robin
  1146 | D:2      | Killed Robin
  1158 | D:2      | Gained mutation: Your touch may inflict irresistible damage
                  | on your foes. [demonic ancestry]
  1158 | D:2      | Reached XP level 4. HP: 22/34 MP: 4/4
  1451 | D:3      | Found a hazy altar of Hepliaklqana.
  1822 | D:3      | Found a faded altar of an unknown god.
  2418 | D:3      | Gained mutation: You have a small tail. [demonic ancestry]
  2418 | D:3      | Reached XP level 5. HP: 41/41 MP: 5/5
  2421 | D:3      | Identified the +1 hunting sling of Dawn {freeze, rElec}
  2711 | D:4      | Noticed Grinder
  2731 | D:4      | Paralysed by Grinder for 5 turns
  2739 | D:4      | Paralysed by Grinder for 2 turns
  2742 | D:4      | Mangled by Grinder

Illustrated notes

Levels and vault maps discovered:
D:1:      minmay_arrival_stone_box, layout_loops_cross
D:2:      layout_rooms, uniq_robin
D:3:      layout_loops_ring, nicolae_elyvilon_temple_path,
          mainiacjoe_overflow_alcove_2,
          hellmonk_ecumenical_altar_defaced_shrine, cheibrodos_gnoll_hut
D:4:      wander_river, layout_loops_ring, nemelex_xobeh_ov_fountains_minmay,
          uniq_grinder, uniq_crazy_yiuf_cottage

Skill      XL: |  1  2  3  4 |
---------------+-------------+-----
Dodging        | 2 3 |  3.3
Crossbows      | 4 |  4.6
Fighting       | 3 |  3.7
Stealth        | |  0.8

Action                   |  1- 3 |  4- 6 || total
-------------------------+-------+-------++-------
 Fire: Hand crossbow     |    78 |   114 ||   192
  Use: Scroll            |     2 |     3 ||     5
       Potion            |       |     6 ||     6
Armor: Leather armour    |     8 |    20 ||    28
Dodge: Dodged            |    10 |    55 ||    65

Table legend: (Time is in decaauts)
 A = Elapsed time spent in this place.
 B = Non-inter-level travel time spent in this place.
 C = Inter-level travel time spent in this place.
 D = Time resting spent in this place.
 E = Time spent auto-exploring this place.
 F = Levels seen in this place.
 G = Mean time per level.
                   A        B        C        D        E       F      G
               +--------+--------+--------+--------+--------+-----+--------+
         Total |   2790 |   2732 |     58 |      0 |   2314 |   4 |  697.5 |
       Dungeon |   2790 |   2732 |     58 |      0 |   2314 |   4 |  697.5 |
               +--------+--------+--------+--------+--------+-----+--------+

Top non-repeatable levels by time:
     D:3: 1116 daAuts
     D:1: 736 daAuts
     D:2: 726 daAuts
     D:4: 210 daAuts
